 Dungeon Sprint DCSS version 0.17-a0-1830-g81820eb (webtiles) character file.

135 Kidiri the Covered (level 4, -6/42 HPs)
             Began as a Minotaur Fighter on Sept 13, 2015.
             Mangled by a human
             ... wielding a +0 hand axe
              (14 damage)
             ... in the Dungeon (Sprint III: "The Ten Rune Challenge").
             The game lasted 00:03:49 (611 turns).

Kidiri the Covered (Minotaur Fighter)                Turns: 611, Time: 00:03:49

Health: -6/42      AC:  7    Str: 20    XL:     4   Next: 96%
Magic:  3/3        EV:  9    Int:  7    God:
Gold:   39         SH: 10    Dex: 11    Spells: 0 memorised, 3 levels left

rFire  . . .     SeeInvis .     a - +0 flail
rCold  . . .     Clarity  .     b - +0 scale mail
rNeg   . . .     SustAt   .     c - +0 shield
rPois  .         Gourm    .     (helmet restricted)
rElec  +         Spirit   .     (no cloak)
rCorr  .         Warding  .     (no gloves)
rMut   .         NoTele   +     (no boots)
MR     .....                    (no amulet)
Stlth  ..........               (no ring)
                                (no ring)

@: not resistant to hostile enchantments, extremely unstealthy
A: retaliatory headbutt, horns 2, talons 1, clever 1, electricity resistance
a: no special abilities


You were in the Dungeon.
You were not hungry.

You visited 1 branch You collected 39 gold pieces.

Inventory:

Hand weapons
 a - a +0 flail (weapon)
Armour
 b - a +0 scale mail (worn)
 c - a +0 shield (worn)
Scrolls
 k - a scroll of blinking
 n - a scroll of torment {unknown}
 o - 3 scrolls of remove curse
 p - 2 scrolls of identify {unknown}
 t - a scroll of immolation {unknown}
Potions
 d - a potion of might
 f - a potion of curing
 h - a potion of haste
 i - 2 potions of magic
 j - a potion of berserk rage
 r - a potion of brilliance {unknown}
 s - 3 potions of flight
 v - a potion of cure mutation
Comestibles
 e - a bread ration
 m - a slice of pizza
 q - a royal jelly
 u - a meat ration


   Skills:
 + Level 5.4 Fighting
 * Level 6.4 Maces & Flails
 * Level 7.0 Armour
 + Level 3.4 Dodging
 * Level 6.9 Shields


You had 3 spell levels left.
You didn't know any spells.

Dungeon Overview and Level Annotations

Branches:
Dungeon (1/1)

Altars:
Okawaru
Trog


Innate Abilities, Weirdness & Mutations

You reflexively headbutt those who attack you in melee.
You have a pair of horns on your head.
You have sharp toenails.
Your mind is acute. (Int +2)
You are resistant to electric shocks.


Message History

Unknown command.
You hit the human. You claw the human, but do no damage.
The human is heavily wounded.
The human hits you but does no damage. The human hits you with a hand axe.
Unknown command.
You hit the human but do no damage. You claw the human, but do no damage.
The human is heavily wounded.
The human hits you with a hand axe. You block the human's attack.
The human hits you with a hand axe. The human hits you!
Unknown command.
The human hits you but does no damage.
There is a fountain of clear blue water here.
The human hits you with a hand axe!
* * * LOW HITPOINT WARNING * * *
Unknown command.
There is an open door to the Ecumenical Temple here.
You block the human's attack. You block the human's attack.
The human hits you with a hand axe!
You die...

▓..##.......#..#..# #...#
▓##.##.##...#..#..###+#'###+
##.##.###..##+#..#.........
▓#.####.##..###...'.⌠.......
▓.###..##..####...#...######
▓#.....##..###....#.⌠.#
###..##...##.p...#...#
##..##....#p.....#+###
#..###..##@#.....# #..#
#..#####....# ▓▓▓▓ ▓▓▓▓
▓▓▓▓▓▓


You could see 2 humans.

Vanquished Creatures
  A water elemental (D)
  A scorpion (D)
  A human (D)
  An ooze (D)
  3 rats (D)
7 creatures vanquished.

Vanquished Creatures (others)
  2 draconian scorchers (D)
  A hydra (D)
  A yaktaur (D)
  6 plants (D)
10 creatures vanquished.

Grand Total: 17 creatures vanquished

Notes
Turn   | Place    | Note
--------------------------------------------------------------
     0 | D        | Kidiri the Minotaur Fighter began the quest for the Orb.
     0 | D        | Reached XP level 1. HP: 19/19 MP: 0/0
    10 | D        | Reached skill level 4 in Armour
    10 | D        | Reached skill level 1 in Dodging
    28 | D        | Killed a yaktaur
   113 | D        | Killed an eight-headed hydra
   117 | D        | Noticed a scorpion
   124 | D        | Killed a scorpion
   124 | D        | Reached skill level 5 in Maces & Flails
   124 | D        | Reached skill level 5 in Armour
   124 | D        | Reached skill level 5 in Shields
   124 | D        | Reached XP level 2. HP: 19/28 MP: 1/1
   124 | D        | Reached XP level 3. HP: 23/34 MP: 2/2
   143 | D        | Reached skill level 6 in Armour
   143 | D        | Reached XP level 4. HP: 8/41 MP: 3/3
   202 | D        | Killed a white draconian scorcher
   232 | D        | Killed a white draconian scorcher
   242 | D        | Gained mutation: You are frail (-10% HP). [potion of mutation]
   242 | D        | Gained mutation: You are partially covered in yellow scales (AC +2). [potion of mutation]
   242 | D        | Gained mutation: Potions and wands are less effective at restoring your health. [potion of mutation]
   243 | D        | Lost mutation: You are frail (-10% HP). [potion of cure mutation]
   243 | D        | Lost mutation: Potions and wands are less effective at restoring your health. [potion of cure mutation]
   243 | D        | Lost mutation: You are partially covered in yellow scales (AC +2). [potion of cure mutation]
   244 | D        | Gained mutation: You are resistant to electric shocks. [potion of mutation]
   244 | D        | Gained mutation: You have sharp toenails. [potion of mutation]
   244 | D        | Gained mutation: Your mind is acute. (Int +2) [potion of mutation]
   401 | D        | Noticed a water elemental
   421 | D        | Killed a water elemental
   421 | D        | Reached skill level 5 in Fighting
   421 | D        | Reached skill level 7 in Armour
   595 | D        | Found an iron altar of Okawaru.
   595 | D        | Found a bloodstained altar of Trog.
   595 | D        | Noticed a human
   596 | D        | Noticed a human
   611 | D        | Mangled by a human

Vault maps used:
D:        dungeon_sprint_mu

Action                   |  1- 3 |  4- 6 || total
-------------------------+-------+-------++-------
Melee: Flail             |    28 |    12 ||    40
  Use: Potion            |     1 |     3 ||     4
